 Dungeon Crawl Stone Soup version 0.20.1-1-g8b1a95d (webtiles) character file.

2694 happy2pester the Basher (level 9, 0/77 (78) HPs)
             Began as a Hill Orc Fighter on Dec 28, 2017.
             Was a Follower of Beogh.
             Slain by an orc warrior
             ... wielding a +0 halberd of venom
              (23 damage)
             ... on level 8 of the Dungeon on Dec 29, 2017.
             The game lasted 00:23:38 (6165 turns).

happy2pester the Basher (Hill Orc Fighter)          Turns: 6165, Time: 00:23:39

HP:   0/77 (78)     AC: 11    Str: 20    XL:     9   Next: 65%
MP:   9/9           EV:  9    Int: 10    God:    Beogh [*.....]
Gold: 423           SH: 12    Dex: 10    Spells: 8/8 levels left

rFire    + . .     SeeInvis .   a - +1 flail
rCold    . . .     Gourm    .   n - +2 shield {rF+}
rNeg     . . .     Faith    .   b - +1 scale mail
rPois    +         Spirit   .   (no helmet)
rElec    .         Reflect  .   (no cloak)
rCorr    .         Harm     .   k - +0 pair of gloves
MR       .....                  g - +0 pair of boots
Stlth    ..........             x - amulet of regeneration
Regen    0.7/turn               q - ring of poison resistance
MPRegen  0.2/turn               (no ring)

@: lethally poisoned (0 -> -1)
A: no striking features
a: Renounce Religion


You were on level 8 of the Dungeon.
You worshipped Beogh.
Beogh was aware of your devotion.
You were hungry.

You visited 1 branch of the dungeon, and saw 8 of its levels.

You collected 423 gold pieces.

Inventory:

Hand Weapons
 a - a +1 flail (weapon)
 e - a +0 hunting sling
Missiles
 m - a javelin (quivered)
 z - 48 sling bullets
Armour
 b - a +1 scale mail (worn)
 c - a +0 shield
 g - a +0 pair of boots (worn)
 k - a +0 pair of gloves (worn)
 n - a +2 shield of fire resistance (worn)
Jewellery
 q - a ring of poison resistance (left hand)
 x - an amulet of regeneration (around neck)
Wands
 p - a wand of iceblast (9/15)
 w - a wand of random effects (30/48)
Scrolls
 h - 4 scrolls of remove curse
 i - 6 scrolls of teleportation
 u - 2 scrolls of recharging
 v - a scroll of fog
 y - 2 scrolls of amnesia
Potions
 o - 2 potions of ambrosia
 s - a potion of brilliance
 t - a potion of flight
 B - a potion of curing {unknown}
Comestibles
 f - 4 bread rations
 j - a royal jelly
 l - 2 fruits
 r - a meat ration


   Skills:
 + Level 6.6 Fighting
 + Level 8.6 Maces & Flails
 + Level 3.1(3.2) Slings
 + Level 1.0(2.1) Throwing
 + Level 6.8 Armour
 + Level 2.3 Dodging
 + Level 1.0 Stealth
 + Level 6.7 Shields
 + Level 0.2 Evocations


You had 8 spell levels left.
You didn't know any spells.

Dungeon Overview and Level Annotations

Branches:
Dungeon (8/15)             Temple (0/1) D:4
   Lair: D:8-11

Altars:
Cheibriados
Elyvilon
Hepliaklqana
Nemelex Xobeh
Sif Muna
Vehumet
The Shining One

Shops:
D:4 =   D:7 [


Message History

You feel sick. The orc warrior closely misses you. You block the orc's attack.
The orc warrior hits you from afar with a halberd of venom!
* * * LOW HITPOINT WARNING * * *
You feel sick.
Evoke which item? (* to show all) (? for menu, Esc to quit)
Aiming: Iceblast
Press: ? - help, Shift-Dir - straight line, f - orc warrior
Aim: an orc warrior, wielding a halberd of venom and wearing a chain mail (moderately wounded)
The mass of ice explodes!
The iceblast engulfs the orc warrior.
The orc warrior is heavily wounded.
The iceblast engulfs the orc.
You kill the orc!
Beogh accepts your kill.
This wand has 9 charges left.
You feel sick.
You feel sick.
You feel sick.
You feel sick.
The orc warrior hits you with a halberd of venom!!
You die...
Beogh appreciates the orc warrior's killing of a heretic priest.

...o#.. .###.
..oa...####.....
#......%## #.#..#...# #
#........#
.########.#.######
#....##....)a..a.#
#.#.##.#..#####o# #
##........#####@###....
##.#.#####.##........#
#....# ........#####
...### #.##.##.# ...#
#.......# ...# #... #.#
...##### #.. #.#
........ ... #.#
.....##. ...


You could see an orc warrior and a worker ant.

Vanquished Creatures
  A two-headed ogre (D:8)
  A sky beast (D:6)
  3 ice beasts
  A necrophage (D:8)
  A black bear (D:6)
  A centaur (D:6)
  A big kobold (D:4)
  2 bullfrogs
  A scorpion (D:8)
  A water moccasin skeleton (D:8)
  An electric eel (D:6)
  3 howler monkeys (D:8)
  A crimson imp (D:5)
  A human zombie (D:8)
  A bullfrog zombie (D:7)
  2 jellies (D:5)
  A centaur skeleton (D:5)
  2 orc priests
  A bullfrog skeleton (D:5)
  A gnoll shaman (D:5)
  2 hounds (D:4)
  A human skeleton (D:8)
  2 iguanas
  An orc wizard (D:8)
  5 worker ants
  2 mummies (D:8)
  A worker ant zombie (D:7)
  14 gnolls
  A howler monkey skeleton (D:4)
  8 adders
  A shadow imp (D:5)
  2 oozes
  An adder skeleton (D:8)
  3 worms
  3 dart slugs
  2 leopard geckos (D:1)
  21 orcs
  9 bats
  5 giant cockroaches
  10 goblins
  6 hobgoblins
  11 jackals
  10 kobolds
  5 quokkas
  4 frilled lizards
  A jackal skeleton (D:5)
  A jackal zombie (D:5)
  A leopard gecko skeleton (D:3)
  9 rats
169 creatures vanquished.

Vanquished Creatures (others)
  A gnoll (D:7)
1 creature vanquished.

Grand Total: 170 creatures vanquished

Notes
Turn   | Place    | Note
-------+----------+-------------------------------------------
     0 | D:1      | happy2pester the Hill Orc Fighter began the quest for the Orb.
     0 | D:1      | Reached XP level 1. HP: 19/19 MP: 1/1
   108 | D:1      | Reached XP level 2. HP: 24/27 MP: 2/2
   315 | D:1      | Reached XP level 3. HP: 33/33 MP: 3/3
   847 | D:2      | Reached XP level 4. HP: 36/40 MP: 4/4
  1215 | D:2      | Found a glowing golden altar of the Shining One.
  1486 | D:3      | Reached skill level 3 in Maces & Flails
  1486 | D:3      | Reached XP level 5. HP: 47/47 MP: 5/5
  1619 | D:3      | Found a sparkling altar of Nemelex Xobeh.
  2175 | D:3      | Reached skill level 1 in Dodging
  2225 | D:4      | Noticed a big kobold
  2230 | D:4      | Killed a big kobold
  2230 | D:4      | Reached XP level 6. HP: 53/53 MP: 6/6
  2326 | D:4      | Reached skill level 4 in Maces & Flails
  2350 | D:4      | Found a staircase to the Ecumenical Temple.
  2810 | D:4      | Found Houhyux's Jewellery Emporium.
  2829 | D:4      | Reached skill level 5 in Shields
  3113 | D:5      | Entered Level 5 of the Dungeon
  3135 | D:5      | Found a sparkling altar of Nemelex Xobeh.
  3236 | D:5      | Reached XP level 7. HP: 54/60 MP: 7/7
  3328 | D:5      | Reached skill level 5 in Fighting
  3606 | D:5      | Reached skill level 5 in Maces & Flails
  3629 | D:5      | Reached skill level 5 in Armour
  3858 | D:6      | Became a worshipper of Beogh the Brigand
  4015 | D:6      | Found a hazy altar of Hepliaklqana.
  4016 | D:6      | Found a deep blue altar of Sif Muna.
  4136 | D:6      | Reached XP level 8. HP: 31/68 MP: 8/8
  4349 | D:6      | Reached skill level 6 in Maces & Flails
  4751 | D:6      | Found a white marble altar of Elyvilon.
  4752 | D:6      | Found a radiant altar of Vehumet.
  4828 | D:6      | Reached skill level 1 in Stealth
  5411 | D:7      | Found Folum's Armour Emporium.
  5675 | D:7      | Found a snail-covered altar of Cheibriados.
  5719 | D:7      | Reached skill level 1 in Throwing
  5883 | D:8      | Reached skill level 7 in Maces & Flails
  5883 | D:8      | Reached skill level 1 in Slings
  5901 | D:8      | Noticed a two-headed ogre
  5901 | D:8      | Reached * piety under Beogh
  5901 | D:8      | Reached XP level 9. HP: 75/75 MP: 9/9
  5920 | D:8      | Killed a two-headed ogre
  5920 | D:8      | Reached skill level 8 in Maces & Flails
  6165 | D:8      | Slain by an orc warrior

Skill      XL: |  1  2  3  4  5  6  7  8  9 |
---------------+----------------------------+-----
Fighting       | 4 5 6 |  6.6
Armour         | 4 5 6 |  6.8
Shields        | 4 5 6 |  6.7
Maces & Flails | 3 4 5 7 8 |  8.6
Dodging        | 1 2 |  2.3
Stealth        | 1 |  1.0
Throwing       | 1 |  1.0
Slings         | 2 3 |  3.1
Evocations     | |  0.2

Action                   |  1- 3 |  4- 6 |  7- 9 || total
-------------------------+-------+-------+-------++-------
Melee: Flail             |   107 |   276 |   330 ||   713
 Fire: Hunting sling     |       |       |    27 ||    27
Throw: Javelin           |    10 |     6 |     1 ||    17
Invok: Convert to Beogh  |       |       |     1 ||     1
Evoke: Wand              |       |       |     2 ||     2
  Use: Scroll            |       |    11 |     2 ||    13
       Potion            |       |     6 |     5 ||    11
  Eat: Chunk             |       |     6 |     2 ||     8
       Bread ration      |       |     1 |       ||     1
       Meat ration       |       |       |     1 ||     1
Armor: Scale mail        |    46 |   103 |   129 ||   278
Dodge: Dodged            |    34 |    94 |    86 ||   214
Block: Shield            |    63 |   130 |   141 ||   334
